 Dungeon Crawl Stone Soup version 0.29.1-4-g47bece8355 (webtiles) character file.

Game seed: 3796497838766473409

17527 MacCMillion the Grappler (level 12, 0/122 HPs)
             Began as a Troll Fighter on Dec 11, 2022.
             Was an Elder of Wu Jian.
             Slain by a 13-headed hydra (2 damage)
             ... on level 1 of the Lair of Beasts.
             The game lasted 00:27:55 (12010 turns).

MacCMillion the Grappler (Troll Fighter)           Turns: 12010, Time: 00:27:56

Health: 0/122      AC:  8    Str: 29    XL:     12   Next: 19%
Magic:  20/20      EV: 14    Int:  8    God:    Wu Jian [****..]
Gold:   690        SH: 10    Dex: 11    Spells: 11/11 levels left

rFire   . . .      SeeInvis +     - Unarmed
rCold   . . .      Faith    .   b - +0 kite shield
rNeg    . . .      Spirit   .   G - +0 steam dragon scales
rPois   .          Reflect  .   (helmet restricted)
rElec   .          Harm     .   r - +0 cloak
rCorr   .          Rampage  .   (gloves unavailable)
Will    +....                   (boots unavailable)
Stlth   +.........              (no amulet)
HPRegen 1.10/turn               e - ring of the Jester {MP+9 EV+4 Int+2 Dex+2 SInv}
MPRegen 0.17/turn               x - ring of willpower

@: exhausted
A: large, unfitting armour, claws 3, regeneration 1, shaggy fur 1, tough skin 1
a: Renounce Religion, Wall Jump, Serpent's Lash


You were on level 1 of the Lair of Beasts.
You worshipped Wu Jian.
Wu Jian was greatly pleased with you.
You visited 3 branches of the dungeon, and saw 12 of its levels.
You also visited: Bailey.

You collected 690 gold pieces.

Inventory:

Missiles
 s - 4 boomerangs (quivered)
 D - 3 javelins
 I - 11 poisoned darts
 J - 3 boomerangs of dispersal
 L - a curare-tipped dart
Armour
 a - a +0 robe
 b - a +0 kite shield (worn)
 r - a +0 cloak (worn)
 G - +0 steam dragon scales (worn)
Jewellery
 e - the ring of the Jester (left claw) {MP+9 EV+4 Int+2 Dex+2 SInv}
   (You took it off a tengu warrior on level 9 of the Dungeon)

   [ring of evasion]

   EV:        It affects your evasion (+4).
   Int:       It affects your intelligence (+2).
   Dex:       It affects your dexterity (+2).
   MP:        It affects your magic capacity (+9).
   SInv:      It lets you see invisible.
 q - a +6 ring of dexterity
 x - a ring of willpower (right claw)
 K - an amulet of magic regeneration
 P - a ring of wizardry
 R - a ring of magical power
Wands
 t - a wand of polymorph (19)
 z - a wand of paralysis (8)
 A - a wand of flame (12)
 H - a wand of mindburst (10)
Scrolls
 d - 3 scrolls of poison
 g - 2 scrolls of amnesia
 h - 5 scrolls of immolation
 i - a scroll of magic mapping
 k - a scroll of noise
 n - 2 scrolls of vulnerability
 p - a scroll of butterflies
 u - a scroll of fear
 v - 2 scrolls of teleportation
 w - a scroll of brand weapon
 y - 4 scrolls of blinking {unknown}
 B - 4 scrolls of enchant weapon
 N - 2 scrolls of enchant armour
 O - 2 scrolls of summoning
 S - a scroll of identify
Potions
 c - 3 potions of might
 f - 4 potions of lignification
 j - 2 potions of mutation
 l - 3 potions of haste
 m - 7 potions of heal wounds
 o - 5 potions of invisibility
 C - 2 potions of ambrosia
 E - 3 potions of brilliance
 F - 4 potions of magic
 M - 2 potions of cancellation
 Q - a potion of flight {unknown}
 T - a potion of curing


   Skills:
 + Level 8.4 Fighting
 + Level 6.6 Dodging
 + Level 9.2 Shields
 * Level 13.4 Unarmed Combat


You had 11 spell levels left.
You didn't know any spells.
Your spell library contained the following spells:

 Spells                   Type           Power      Damage    Failure   Level
 Airstrike                Air            0%         2d(0-16)  100%        4
 Cause Fear               Hex            0%         N/A       100%        4
 Summon Lightning Spire   Summ/Air       0%         N/A       100%        4
 Lightning Bolt           Conj/Air       0%         1d11      100%        5
 Dragon Form              Tmut           0%         N/A       100%        7
 Borgnjor's Revivificati  Necr           0%         N/A       100%        8
 Necromutation            Tmut/Necr      0%         N/A       100%        8
 Death's Door             Necr           0%         N/A       100%        9
 Dragon's Call            Summ           0%         N/A       100%        9


Dungeon Overview and Level Annotations

Branches:
Dungeon (10/15)            Temple (1/1) D:6            Lair (1/5) D:9
 Bailey (visited)
    Orc: D:9-12

Altars:
Ashenzari
Elyvilon
Fedhas
Gozag
Hepliaklqana
Kikubaaqudgha
Nemelex Xobeh
Okawaru
Qazlal
Ru
Sif Muna
Vehumet
Wu Jian
Xom
Yredelemnul
Zin
The Shining One

Shops:
D:3 (   D:8 !

Annotations:
D:8 2 runed translucent doors, kalagan's ghost, novice DECj
D:10 Lodul


Innate Abilities, Weirdness & Mutations

You are too large for most types of armour.
You have claws for hands.
Your natural rate of healing is unusually fast.
You are covered in fur. (AC +1)
You have tough skin. (AC +1)


Message History

The 12-headed hydra is severely wounded.
The 12-headed hydra bites you but does no damage.
The 12-headed hydra closely misses you. x2
The 12-headed hydra bites you but does no damage.
You block the 12-headed hydra's attack. The 12-headed hydra bites you!
The 12-headed hydra closely misses you. x3
The 12-headed hydra bites you but does no damage.
The 12-headed hydra bites you! You block the 12-headed hydra's attack.
You tear one of the 12-headed hydra's heads off!
The 11-headed hydra grows two more!
You mangle the 13-headed hydra!!
The 13-headed hydra is severely wounded.
The 13-headed hydra bites you.
* * * LOW HITPOINT WARNING * * *
The 13-headed hydra bites you!
* * * LOW HITPOINT WARNING * * *
You block the 13-headed hydra's attack.
The 13-headed hydra bites you but does no damage.
You block the 13-headed hydra's attack.
The 13-headed hydra bites you but does no damage.
The 13-headed hydra bites you!
* * * LOW HITPOINT WARNING * * *
The 13-headed hydra misses you.
The 13-headed hydra closely misses you. x2
The 13-headed hydra bites you but does no damage.
The 13-headed hydra bites you!
* * * LOW HITPOINT WARNING * * *
The 13-headed hydra bites you but does no damage.
Unknown command.
Okay, then.
Okay, then.
As you read the scroll of summoning, it crumbles to dust.
Wisps of shadow whirl around you... You block the 13-headed hydra's attack.
The 13-headed hydra bites you.
* * * LOW HITPOINT WARNING * * *
The 13-headed hydra closely misses you. You block the 13-headed hydra's attack.
The 13-headed hydra misses you. The 13-headed hydra bites you.
* * * LOW HITPOINT WARNING * * *
The 13-headed hydra barely misses you. The 13-headed hydra bites you.
* * * LOW HITPOINT WARNING * * *
The 13-headed hydra bites you.
You die...

## # ##### #########P# .#
###P#P########......... .#
.........##..........#P..##
........††.................
#.......###.......l##......
.####..###......D..!.......
~...#..# ##...F.@...#......
~≈~..#.P###.....F..## .....
≈≈~.##...#......S..# ....
≈≈≈~#..#.#..#.P.#### ...
≈~≈.##......#...# ..
~.~~#.........#.# #
~~##~...#...###..
.#.....P##.# #.##
.......##..####..#


You could see a 13-headed hydra (ally target), a friendly cane toad (summoned),
a friendly water moccasin (summoned), a friendly wyvern (summoned) and a
friendly bullfrog (summoned).

Vanquished Creatures
  A boulder beetle (Lair:1)
  A tengu warrior (D:9)
  Pikel (D:5)
  3 orc knights (Bailey)
  An ugly thing (D:9)
  Maurice (D:9)
  11 elephants
  Maggie (D:8)
  Joseph (D:9)
  A komodo dragon (D:9)
  2 trolls
  7 blink frogs (Lair:1)
  A vampire (D:9)
  A basilisk (D:9)
  4 steam dragons
  4 acid dragons
  6 water moccasins
  A swamp drake (D:9)
  5 sky beasts
  An ice beast (D:6)
  10 orc warriors
  A black bear (D:6)
  3 ogres
  6 centaurs
  2 lemures (D:5)
  A phantom (D:5)
  2 kobold brigands
  Blork the orc (D:5)
  5 bullfrogs
  3 necrophages
  5 scorpions
  A wight (D:8)
  5 killer bees
  7 howler monkeys
  7 hounds
  A jelly (D:5)
  2 gnoll boudas
  4 orc priests (D:7)
  6 orc wizards
  Ijyb (D:5)
  4 iguanas
  8 gnolls
  11 adders
  A shadow imp (D:7)
  3 white imps
  An ufetubus (D:7)
  3 worms (D:5)
  A dart slug (D:3)
  41 orcs
  4 endoplasms
  3 giant cockroaches
  12 goblins
  11 hobgoblins
  9 jackals
  14 kobolds
  2 quokkas (D:4)
  8 ball pythons
  7 bats
  2 frilled lizards
  8 rats
280 creatures vanquished.

Vanquished Creatures (collateral kills)
  A hydra (Lair:1)
  An orc wizard (D:9)
  3 orcs (D:9)
5 creatures vanquished.

Vanquished Creatures (others)
  A basilisk (D:9)
  4 fungi (Lair:1)
  2 plants (Lair:1)
7 creatures vanquished.

Grand Total: 292 creatures vanquished

Notes
Turn   | Place    | Note
-------+----------+-------------------------------------------
     0 | D:1      | MacCMillion the Troll Fighter began the quest for the Orb.
     0 | D:1      | Reached XP level 1. HP: 22/22 MP: 0/0
   151 | D:1      | Reached XP level 2. HP: 27/29 MP: 1/1
   548 | D:1      | Found a faded altar of an unknown god.
   578 | D:1      | Reached XP level 3. HP: 30/36 MP: 2/2
   989 | D:2      | Reached skill level 3 in Unarmed Combat
  1145 | D:2      | Found a glowing golden altar of the Shining One.
  1204 | D:2      | Became a worshipper of the Shining One
  1390 | D:2      | Reached XP level 4. HP: 43/44 MP: 3/3
  1818 | D:3      | Found Zaed's Weapon Emporium.
  2063 | D:3      | Reached XP level 5. HP: 49/53 MP: 4/4
  2276 | D:4      | Reached skill level 4 in Unarmed Combat
  2499 | D:4      | Found a stormy altar of Qazlal.
  3006 | D:4      | Reached XP level 6. HP: 61/61 MP: 5/5
  3204 | D:5      | Entered Level 5 of the Dungeon
  3237 | D:5      | Noticed a sky beast
  3249 | D:5      | Killed a sky beast
  3250 | D:5      | Reached skill level 5 in Unarmed Combat
  3303 | D:5      | Noticed a water moccasin
  3316 | D:5      | Killed a water moccasin
  3317 | D:5      | Reached XP level 7. HP: 40/68 MP: 6/6
  3684 | D:5      | Noticed Blork the orc
  3692 | D:5      | Killed Blork the orc
  3915 | D:5      | Reached skill level 6 in Unarmed Combat
  4011 | D:5      | Noticed Ijyb
  4024 | D:5      | Killed Ijyb
  4187 | D:5      | Noticed Pikel
  4201 | D:5      | Killed Pikel
  4202 | D:5      | Reached skill level 5 in Shields
  4202 | D:5      | Reached skill level 7 in Unarmed Combat
  4202 | D:5      | Reached XP level 8. HP: 46/79 MP: 7/7
  4676 | D:6      | Found a staircase to the Ecumenical Temple.
  4699 | Temple   | Entered the Ecumenical Temple
  4705 | Temple   | Fell from the grace of the Shining One
  4705 | Temple   | Became a worshipper of the Wu Jian Council
  4760 | D:6      | Reached skill level 5 in Fighting
  4828 | D:6      | Reached skill level 8 in Unarmed Combat
  5514 | D:6      | You fall into a shaft and drop 1 floor!
  5695 | D:6      | Found a broken altar of Ashenzari.
  5874 | D:6      | Reached XP level 9. HP: 83/88 MP: 8/8
  5926 | D:6      | Reached skill level 9 in Unarmed Combat
  6229 | D:6      | Reached * piety under Wu Jian
  6264 | D:7      | Noticed a troll
  6900 | D:7      | Reached ** piety under Wu Jian
  6971 | D:7      | Reached skill level 10 in Unarmed Combat
  7061 | D:7      | Killed a troll
  7062 | D:7      | Reached XP level 10. HP: 98/98 MP: 9/9
  7333 | D:8      | Found a large runed translucent door.
  7334 | D:8      | Found a large runed translucent door.
  7335 | D:8      | Noticed kalagan's ghost (novice DECj)
  8289 | D:8      | Found Wirory's Distillery.
  8382 | D:8      | Noticed Maggie
  8389 | D:8      | Killed Maggie
  8500 | D:9      | Noticed Maurice
  8509 | D:9      | Killed Maurice
  8559 | D:9      | Found a flagged portal.
  8577 | Bailey   | Entered a bailey
  8680 | Bailey   | Reached *** piety under Wu Jian
  8687 | Bailey   | Reached skill level 11 in Unarmed Combat
  8780 | Bailey   | Noticed an orc knight
  9078 | Bailey   | Noticed an orc knight
  9086 | Bailey   | Killed an orc knight
  9097 | Bailey   | Killed an orc knight
  9098 | Bailey   | Reached skill level 5 in Dodging
  9172 | Bailey   | Noticed an orc knight
  9185 | Bailey   | Killed an orc knight
  9304 | D:9      | Noticed a white ugly thing
  9305 | D:9      | Identified the ring of the Jester {MP+9 EV+4 Int+2 Dex+2
                  | SInv}
  9305 | D:9      | Noticed a tengu warrior
  9333 | D:9      | Killed a tengu warrior
  9334 | D:9      | Reached XP level 11. HP: 58/109 MP: 10/10
  9478 | D:9      | Killed a white ugly thing
  9711 | D:9      | Found a glowing silver altar of Zin.
  9712 | D:9      | Found an ancient bone altar of Kikubaaqudgha.
  9713 | D:9      | Found an iron altar of Okawaru.
  9756 | D:9      | Noticed Joseph
  9772 | D:9      | Killed Joseph
  9908 | D:9      | Reached skill level 12 in Unarmed Combat
  9958 | D:9      | Reached **** piety under Wu Jian
  9973 | D:9      | Found a staircase to the Lair.
 10573 | D:10     | Entered Level 10 of the Dungeon
 10777 | D:10     | Noticed Lodul
 10987 | Lair:1   | Entered Level 1 of the Lair of Beasts
 11485 | Lair:1   | Noticed an eight-headed hydra
 11528 | D:9      | Reached skill level 13 in Unarmed Combat
 11681 | Lair:1   | Killed a ten-headed hydra
 11682 | Lair:1   | Reached XP level 12. HP: 40/120 MP: 11/11
 11889 | Lair:1   | Identified the +5 glaive of Fury {holy, rElec Str+2}
 11950 | Lair:1   | Noticed a boulder beetle
 11966 | Lair:1   | Killed a boulder beetle
 11993 | Lair:1   | Noticed a five-headed hydra
 12010 | Lair:1   | HP: 4/122 [13-headed hydra (3)]
 12010 | Lair:1   | Slain by a 13-headed hydra

Illustrated notes

Levels and vault maps discovered:
D:1:      dpeg_arrival_subterranean_lakeside_camping, layout_basic,
          dilly_ecumenical_altar_fadedgnrine, minmay_misc_feat_rugged,
          minmay_pentomino_t4
D:2:      layout_basic, basic_altar
D:3:      layout_rooms, serial_shops, nicolae_shop_bloodbath_and_beyond,
          minivault_5
D:4:      layout_loops_corners, mainiacjoe_overflow_small_starburst
D:5:      layout_loops_corners, uniq_blork_the_orc, uniq_pikel, uniq_ijyb
D:6:      cheibrodos_barr_body, layout_loops_ring, nicolae_ashenzari_skybound,
          minmay_temple_entry_butterflies, feat_on_display
D:7:      layout_basic, minmay_bent
D:8:      layout_basic, serial_shops, nicolae_shop_advertising_works
          [nicolae_subvault_shop_adworks], ebering_ghost_disaster_area,
          minmay_circle_x, uniq_maggie
D:9:      layout_irregular_city, chequers_temple_overflow_statue_of_worship,
          erik_lair_dragon, enter_bailey_7, minivault_19,
          chequers_serial_rivers_room_b, minmay_radiant, uniq_joseph,
          uniq_maurice
D:10:     layout_cave_pools, nicolae_stop_n_shop_1, uniq_lodul
Temple:   nicolae_temple_bog_church
Lair:1:   layout_loops_ring, nicolae_lair_lil_pond, grunt_megastairs_5,
          lemuel_fruit_fields

Skill      XL: |  1  2  3  4  5  6  7  8  9 10 11 |
---------------+----------------------------------+-----
Shields        | 3 4 5 6 7 9 |  9.2
Unarmed Combat | 3 4 5 7 8 10 11 13 | 13.4
Fighting       | 3 4 5 6 7 8 |  8.4
Dodging        | 3 5 6 |  6.6

Action                   |  1- 3 |  4- 6 |  7- 9 | 10-12 || total
-------------------------+-------+-------+-------+-------++-------
Melee: Unarmed           |   137 |   172 |   250 |   390 ||   949
Throw: Boomerang         |       |     1 |       |       ||     1
       Dart              |       |       |     3 |       ||     3
Invok: Lunge             |       |       |    15 |    61 ||    76
       Whirlwind         |       |       |     8 |    49 ||    57
       Serpent's Lash    |       |       |       |     2 ||     2
Evoke: Wand              |       |       |     1 |     9 ||    10
  Use: Scroll            |       |     8 |    11 |    10 ||    29
       Potion            |       |       |       |     2 ||     2
 Stab: Sleeping          |       |       |     2 |     2 ||     4
       Paralysed         |       |       |     3 |     8 ||    11
Armor: Robe              |    58 |    38 |    10 |       ||   106
       Steam dragon scal |       |       |    57 |   103 ||   160
Dodge: Dodged            |    61 |    53 |    89 |   169 ||   372
Block: Kite shield       |    53 |    59 |   108 |   174 ||   394
